 Dungeon Crawl Stone Soup version 0.31-a0-1008-g5b978dac0e (webtiles) character file.

Game seed: 10121504988255696850

11228 Gumption the Covert (level 11, -1/54 HPs)
             Began as a Spriggan Enchanter on Nov 11, 2023.
             Was a Believer of Dithmenos.
             Slain by a death yak (15 damage)
             ... on level 9 of the Dungeon on Nov 12, 2023.
             The game lasted 02:57:57 (19156 turns).

Gumption the Covert (Spriggan Enchanter)           Turns: 19156, Time: 02:57:58

Health: -1/54      AC:  8    Str:  4    XL:     11   Next: 46%
Magic:  19/19      EV: 36    Int: 21    God:    Dithmenos [**....]
Gold:   526        SH:  0    Dex: 16    Spells: 5/20 levels left

rFire   x . .        a - +2 dagger (venom)
rCold   + + .        D - orb {*channel}
rNeg    . . .        j - +2 robe {rC+}
rPois   .            K - +1 hat
rElec   .            i - +2 cloak of the Thief {*Fog Slay-2 SInv Stlth+}
rCorr   .            (gloves unavailable)
SInv    +            (boots unavailable)
Will    +....        g - amulet of the acrobat
Stlth   ++++++++     d - ring of ice
HPRegen 0.29/turn    f - ring of wizardry
MPRegen 0.16/turn

%: acrobat, wizardry (x1), channel magic (20%)
@: acrobatic, wreathed by umbra, very quick
A: very small, no large weapons, unfitting armour, see invisible, speed 3
a: Renounce Religion, Shadow Step


You were on level 9 of the Dungeon.
You worshipped Dithmenos.
Dithmenos was pleased with you.
You visited 2 branches of the dungeon, and saw 11 of its levels.
You also visited: Bailey.

You collected 526 gold pieces.

Inventory:

Hand Weapons
 a - a +2 dagger of venom (weapon)
 b - a +3 dagger
 w - a +1 dagger
Missiles
 L - 15 poisoned darts (quivered)
 M - 2 curare-tipped darts
 Q - 3 throwing nets
Armour
 i - the +2 cloak of the Thief (worn) {*Fog Slay-2 SInv Stlth+}
   (You found it in a bailey)

   *Fog:      It may release a thick cloud of smoke when the wearer is hurt.
   Slay-2:    It affects your accuracy & damage with ranged weapons and melee
   (-2).
   SInv:      It lets you see invisible.
   Stlth+:    It makes you more stealthy.
 j - a +2 robe of cold resistance (worn)
 o - a scarf of shadows
 u - a +0 cloak of preservation
 D - an orb of energy (worn)
 K - a +1 hat (worn)
 R - a +0 buckler
Magical Staves
 B - a staff of cold
 G - a staff of fire
Jewellery
 d - a ring of ice (left hand)
 e - an amulet of regeneration
 f - a ring of wizardry (right hand)
 g - an amulet of the acrobat (around neck)
Talismans
 q - a flux talisman
 t - a maw talisman
 C - a serpent talisman
Wands
 s - a wand of acid (3)
 v - a wand of mindburst (19)
 y - a wand of iceblast (12)
 E - a wand of flame (8)
 J - a wand of digging (6)
 O - a wand of charming (2)
Scrolls
 k - a scroll of enchant armour
 l - 2 scrolls of fog
 n - 6 scrolls of teleportation
 p - 2 scrolls of amnesia
 r - a scroll of immolation
 x - a scroll of enchant weapon
 A - a scroll of fear
 P - a scroll of blinking {unknown}
Potions
 c - 2 potions of invisibility
 h - a potion of berserk rage
 m - 2 potions of curing
 z - 3 potions of might
 F - a potion of cancellation
 H - a potion of heal wounds {unknown}
 I - 3 potions of resistance {unknown}
 N - a potion of attraction {unknown}


   Skills:
 + Level 4.3 Fighting
 + Level 6.7 Short Blades
 + Level 7.6 Dodging
 - Level 13.0 Stealth
 - Level 5.0 Spellcasting
 - Level 4.0 Conjurations
 - Level 10.0 Hexes
 - Level 4.0 Fire Magic
 - Level 2.0 Ice Magic
 + Level 7.6 Shapeshifting


You had 5 spell levels left.
You knew the following spells:

 Your Spells              Type           Power      Damage    Failure   Level
a - Ensorcelled Hibernat  Hex/Ice        90%        N/A       2%          2
b - Confusing Touch       Hex            47%        N/A       1%          3
c - Tukima's Dance        Hex            47%        N/A       1%          3
d - Dazzling Flash        Conj/Hex       68%        N/A       3%          3
e - Sticky Flame          Conj/Fire      22%        2d4       17%         4

Your spell library contained the following spells:

 Spells                   Type           Power      Damage    Failure   Level
 Inner Flame              Hex/Fire       34%        N/A       3%          3
 Flame Wave               Conj/Fire      22%        2d8       17%         4
 Silence                  Hex/Air        13%        N/A       28%         5
 Passage of Golubria      Tloc           5%         N/A       54%         4
 Lehudib's Crystal Spear  Conj/Erth      6%         10d3      100%        8


Dungeon Overview and Level Annotations

Branches:
Dungeon (10/15)            Temple (1/1) D:4            Lair (0/5) D:10
    Orc (0/2) D:9          Bailey (visited)

Altars:
Ashenzari
Cheibriados
Dithmenos
Elyvilon
Fedhas
Gozag
Hepliaklqana
Kikubaaqudgha
Makhleb
Nemelex Xobeh
Okawaru
Qazlal
Ru
Sif Muna
Trog
Uskayaw
Vehumet
Wu Jian
Xom
Yredelemnul
Zin
The Shining One

Shops:
D:4 !


Innate Abilities, Weirdness & Mutations

You are very small and have problems with some larger weapons.
You are too small for most types of armour.
You have supernaturally acute eyesight. (SInv)
You cover ground extremely quickly. (Speed+++)


Message History

You see here a +0 dagger.
Things that are here:
a +0 ring mail; 3 boomerangs; a +0 whip
There is an open door here.
You see here a +1 dagger of speed.
Things that are here:
a +0 ring mail; 3 boomerangs; a +0 whip You see here a +0 dagger.
Things that are here:
a +0 robe; a +0 dagger; a +0 club You see here a +0 heavy hand axe.
You see here a +0 heavy hand axe.
Things that are here:
a +0 robe; a +0 dagger; a +0 club You see here a +0 dagger.
Things that are here:
a +0 ring mail; 3 boomerangs; a +0 whip
There is an open door here.
You see here a +1 dagger of speed.
The death yak bellows! x2
You hit the death yak but do no damage.
The death yak is poisoned.
The death yak attacks as it pursues you!
The death yak gores you!!
* * * LOW HITPOINT WARNING * * *
There is an open door, spattered with blood here.
You see here a +1 dagger of speed.
Things that are here:
a +0 ring mail; 3 boomerangs; a +0 whip You see here a +0 dagger.
Things that are here:
a +0 robe; a +0 dagger; a +0 club You see here a +0 heavy hand axe.
There is an open door here.
The death yak bellows!
You hit the death yak but do no damage.
The death yak is poisoned.
The death yak gores you!!
* * * LOW HITPOINT WARNING * * *
The death yak attacks as it pursues you!
The death yak gores you!
You die...

#### #...ยง# ...# ###.## ####
#..# #.## ######'##### ##########
#..........# #........#
#..........# #........####
#######..........###........'..#
......'........Y@'.'........##.#
#######..........###........##.##
# #..........# #........##... #
#########'## #........##### #
##.)....# ####'##### # #..######
#.# ### ###.###### #.# ..#
#.[......# ##.# ..# #....<...####
#).# #


You could see a death yak (very poisoned).

Vanquished Creatures
  Harold (D:10)
  A two-headed ogre (D:9)
  A death yak (D:9)
  Pikel (D:6)
  A gargoyle (Bailey)
  3 kobold demonologists
  2 trolls (D:10)
  A vampire (Bailey)
  A wyvern (D:10)
  A centaur simulacrum (D:10)
  9 yaks (D:9)
  A steam dragon (D:10)
  2 vampire mosquitoes (D:10)
  6 water moccasins
  2 orc warriors (D:9)
  2 black bears
  2 ogres
  2 centaurs (D:9)
  3 lemures (D:6)
  Blork the orc (D:5)
  2 kobold brigands (D:9)
  3 necrophages (D:6)
  5 bullfrogs
  A scorpion (D:5)
  6 wights
  6 killer bees
  2 howler monkeys (D:8)
  7 vampire bats (Bailey)
  6 wolf zombies (Bailey)
  A human zombie (D:6)
  2 centaur zombies (D:6)
  8 orc priests
  Crazy Yiuf (D:3)
  2 hounds (D:6)
  A sleepcap (D:6)
  3 iguanas
  Natasha (twice) (D:4)
  9 orc wizards
  3 killer bee zombies (D:6)
  A mummy (D:6)
  A gnoll (D:4)
  8 adders
  A shadow imp (D:7)
  2 white imps
  2 dart slugs
  33 orcs
  10 endoplasms
  A giant cockroach (D:1)
  11 goblins
  8 hobgoblins
  6 jackals (D:1)
  6 quokkas
  7 ball pythons
  4 bats
  6 frilled lizards
  10 kobolds
  16 orc zombies (Bailey)
  7 rats
253 creatures vanquished.

Vanquished Creatures (collateral kills)
  A two-headed ogre (D:9)
  Jeremiah (D:6)
  4 wights (D:9)
  6 orcs
  A hobgoblin (D:4)
  A kobold (D:4)
14 creatures vanquished.

Vanquished Creatures (others)
  3 dancing weapons (D:9)
3 creatures vanquished.

Grand Total: 270 creatures vanquished

Notes
Turn   | Place    | Note
-------+----------+-------------------------------------------
     0 | D:1      | Gumption the Spriggan Enchanter began the quest for the
                  | Orb.
     0 | D:1      | Reached XP level 1. HP: 9/9 MP: 5/5
   800 | D:1      | Reached XP level 2. HP: 13/13 MP: 7/7
   803 | D:1      | Learned a level 2 spell: Ensorcelled Hibernation
  1456 | D:1      | Reached XP level 3. HP: 14/16 MP: 5/8
  2425 | D:2      | Found a faded altar of an unknown god.
  2627 | D:2      | Reached skill level 5 in Stealth
  2627 | D:2      | Reached XP level 4. HP: 21/21 MP: 10/10
  3235 | D:2      | Learned a level 3 spell: Confusing Touch
  3455 | D:3      | Found a radiant altar of Vehumet.
  3958 | D:3      | Reached skill level 1 in Ice Magic
  4652 | D:3      | Found a runed translucent door.
  4653 | D:3      | Noticed Crazy Yiuf
  4878 | D:3      | Killed Crazy Yiuf
  4879 | D:3      | Reached skill level 5 in Hexes
  4879 | D:3      | Reached XP level 5. HP: 24/24 MP: 9/12
  5049 | D:4      | Learned a level 3 spell: Tukima's Dance
  5504 | D:4      | Identified the +7 chain mail "Xinapot" {Drain rElec Str+3}
  5524 | D:4      | Noticed Natasha
  5535 | D:4      | Killed Natasha
  6138 | D:4      | Found Meuschak's Distillery.
  6230 | D:4      | Found a staircase to the Ecumenical Temple.
  6255 | D:4      | Noticed Natasha
  6443 | D:4      | Reached skill level 5 in Spellcasting
  6778 | D:4      | Reached XP level 6. HP: 5/28 MP: 7/14
  6980 | D:4      | Killed Natasha
  7065 | Temple   | Entered the Ecumenical Temple
  7354 | Temple   | Reached skill level 6 in Stealth
  7380 | D:4      | Learned a level 3 spell: Dazzling Flash
  7511 | D:5      | Entered Level 5 of the Dungeon
  7516 | D:5      | Noticed Blork the orc
  7523 | D:5      | Killed Blork the orc
  7739 | D:5      | Reached skill level 7 in Stealth
  7739 | D:5      | Reached skill level 1 in Conjurations
  7739 | D:5      | Reached XP level 7. HP: 32/32 MP: 12/15
  8698 | D:6      | Noticed a moth of wrath
  8701 | D:6      | Found a bloodstained altar of Trog.
  8759 | D:6      | Noticed Jeremiah
  9055 | D:6      | Learned a level 4 spell: Sticky Flame
  9094 | D:6      | Found an opulent altar of Gozag.
  9217 | D:6      | Noticed Pikel
  9356 | D:6      | Reached skill level 8 in Stealth
  9468 | D:6      | Killed Jeremiah
  9469 | D:6      | Reached skill level 9 in Stealth
  9469 | D:6      | Reached skill level 1 in Fire Magic
  9469 | D:6      | Reached XP level 8. HP: 4/36 MP: 13/16
  9787 | D:6      | Reached skill level 10 in Stealth
  9977 | D:6      | Found an ancient bone altar of Kikubaaqudgha.
 10375 | D:6      | Killed Pikel
 10376 | D:6      | Reached skill level 11 in Stealth
 10376 | D:6      | Reached XP level 9. HP: 30/39 MP: 17/17
 11476 | D:7      | Reached skill level 1 in Shapeshifting
 12407 | D:8      | Found a flagged portal.
 12478 | Bailey   | Entered a bailey
 13036 | Bailey   | Reached skill level 12 in Stealth
 13404 | Bailey   | Noticed a gargoyle
 13410 | Bailey   | Killed a gargoyle
 13411 | Bailey   | Reached skill level 10 in Hexes
 13419 | Bailey   | Found the +2 cloak of the Thief {*Fog Slay-2 SInv Stlth+}
 13431 | Bailey   | Reached XP level 10. HP: 44/44 MP: 18/18
 13817 | D:8      | Identified the +1 trident of the Writhing Wolf {pain,
                  | Will+}
 13984 | D:8      | Reached skill level 1 in Fighting
 14149 | D:8      | Found a shadowy altar of Dithmenos.
 14156 | D:8      | Became a worshipper of Dithmenos the Shadowed
 14638 | D:9      | Noticed a two-headed ogre
 14645 | D:9      | Killed a two-headed ogre
 14646 | D:9      | Reached skill level 5 in Shapeshifting
 14927 | D:9      | Reached skill level 5 in Dodging
 15478 | D:9      | Noticed a two-headed ogre
 15493 | D:9      | Killed a two-headed ogre
 15494 | D:9      | Reached skill level 5 in Short Blades
 15761 | D:9      | Reached * piety under Dithmenos
 15877 | D:9      | Found a staircase to the Orcish Mines.
 16088 | D:9      | Found a white marble altar of Elyvilon.
 16782 | D:9      | Reached XP level 11. HP: 50/52 MP: 15/19
 16815 | D:9      | Reached skill level 13 in Stealth
 17095 | D:9      | Upgraded the game from 0.31-a0-1005-gfbdfbacc72 to
                  | 0.31-a0-1008-g5b978dac0e
 17096 | D:10     | Entered Level 10 of the Dungeon
 17104 | D:10     | Noticed a death yak
 17587 | D:10     | Noticed a death yak
 17588 | D:10     | Found a staircase to the Lair.
 17589 | D:10     | Noticed a death yak
 17590 | D:10     | Noticed a death yak
 17591 | D:10     | Noticed a death yak
 17883 | D:10     | Noticed Harold
 17899 | D:10     | Killed Harold
 18488 | D:9      | Killed a death yak
 18488 | D:9      | Reached ** piety under Dithmenos
 19156 | D:9      | Slain by a death yak

Illustrated notes

Levels and vault maps discovered:
D:1:      scummos_arrival_star, layout_loops_corners
D:2:      layout_loops_corners, basic_ecumenical_altar, minmay_misc_feat_roman,
          chequers_avenue
D:3:      layout_loops_ring, nicolae_vehumet_radiance, uniq_crazy_yiuf_cottage
D:4:      layout_loops_cross, minmay_temple_entry_statues, serial_shops, shop,
          hangedman_glass_garden, uniq_natasha
D:5:      layout_cave_pools, serial_bayou_lagoon_b, uniq_blork_the_orc
D:6:      layout_cave_pods, lemuel_mausoleum_altar_kikubaaqudgha,
          nicolae_gozag_seed_capital, tgw_trog, serial_column_ruins,
          column_ruins_hut_ruined, column_ruins_columns_plus,
          column_ruins_columns_straight, column_ruins_corridor_plus,
          column_ruins_open_medium, uniq_jeremiah, uniq_pikel
D:7:      layout_basic
D:8:      layout_loops_cross, nicolae_dithmenos_the_darkroom, enter_bailey_8
D:9:      layout_roguey, nicolae_overflow_crystal_walls, hiddenorc1_lemuel
D:10:     layout_small_grid, dpeg_lair_monsters, uniq_harold
Temple:   nicolae_temple_elliptical

Skill      XL: |  1  2  3  4  5  6  7  8  9 10 11 |
---------------+----------------------------------+-----
Spellcasting   | 3 4 5 |  5.0
Hexes          | 4 5 6 7 9 10 | 10.0
Stealth        | 5 7 9 11 12 13 | 13.0
Ice Magic      | 1 2 |  2.0
Conjurations   | 1 2 4 |  4.0
Short Blades   | 3 5 6 |  6.7
Fire Magic     | 1 2 4 |  4.0
Shapeshifting  | 3 6 7 |  7.6
Dodging        | 6 7 |  7.6
Fighting       | 3 4 |  4.3

Action                     |  1- 3 |  4- 6 |  7- 9 | 10-12 || total
---------------------------+-------+-------+-------+-------++-------
  Melee: Dagger            |    73 |   136 |   280 |   248 ||   737
         Punch             |     2 |       |     2 |       ||     4
  Throw: Dart              |     2 |     2 |     9 |       ||    13
   Cast: Ensorcelled Hiber |    18 |    47 |    25 |    50 ||   140
         Confusing Touch   |       |    11 |    38 |    35 ||    84
         Tukima's Dance    |       |     2 |     1 |    18 ||    21
         Sticky Flame      |       |       |     2 |       ||     2
         Dazzling Flash    |       |       |       |     1 ||     1
  Evoke: Wand              |       |       |    10 |       ||    10
    Use: Scroll            |       |    12 |     2 |       ||    14
         Potion            |       |       |     1 |     1 ||     2
   Stab: Sleeping          |    26 |    36 |    42 |    46 ||   150
         Confused          |       |     4 |    31 |    24 ||    59
 Armour: Robe              |    14 |    29 |    71 |    64 ||   178
  Dodge: Dodged            |    35 |    65 |   193 |   167 ||   460

Table legend: (Time is in decaauts)
 A = Elapsed time spent in this place.
 B = Non-inter-level travel time spent in this place.
 C = Inter-level travel time spent in this place.
 D = Time resting spent in this place.
 E = Time spent auto-exploring this place.
 F = Levels seen in this place.
 G = Mean time per level.
                   A        B        C        D        E       F      G
               +--------+--------+--------+--------+--------+-----+--------+
         Total |  13844 |  13812 |     32 |   4355 |    863 |  12 | 1153.7 |
       Dungeon |  12809 |  12777 |     32 |   3966 |    782 |  10 | 1280.9 |
        Temple |    240 |    240 |      0 |     79 |     66 |   1 |  240.0 |
        Bailey |    794 |    794 |      0 |    309 |     15 |   1 |  794.0 |
               +--------+--------+--------+--------+--------+-----+--------+

Top non-repeatable levels by time:
     D:9: 2662 daAuts
     D:6: 1895 daAuts
     D:4: 1579 daAuts
     D:1: 1378 daAuts
     D:3: 1096 daAuts
     D:2: 1083 daAuts
     D:7: 893 daAuts
     D:8: 888 daAuts
  Bailey: 794 daAuts
     D:5: 700 daAuts
    D:10: 630 daAuts
  Temple: 240 daAuts
